 Dungeon Crawl Stone Soup version 0.31-a0-187-gba352fbbf7 (webtiles) character file.

Game seed: 14939263817339066435

135 qw the Skirmisher (level 4, -1/25 HPs)
             Began as a Deep Elf Hunter on June 22, 2023.
             Splashed by a jelly's acid (6 damage)
             ... on level 3 of the Dungeon.
             The game lasted 00:00:51 (2144 turns).

qw the Skirmisher (Deep Elf Hunter)                 Turns: 2144, Time: 00:00:52

Health: -1/25      AC: -2    Str:  9 (10) XL:     4   Next: 96%
Magic:  6/6        EV: 11    Int: 13 (14) God:
Gold:   151        SH:  0    Dex: 18      Spells: 3/3 levels left

rFire   . . .        Y - +1 shortbow
rCold   . . .        (shield currently unavailable)
rNeg    . . .        j - +0 ring mail
rPois   .            b - +0 helmet
rElec   .            (no cloak)
rCorr   .            (no gloves)
SInv    +            (no boots)
Will    .....        (no amulet)
Stlth   +            c - ring of see invisible
HPRegen 0.24/turn    (no ring)
MPRegen 0.10/turn

%: no passive effects
@: corroded
A: no striking features
a: no special abilities


You were on level 3 of the Dungeon.
You visited 1 branch of the dungeon, and saw 4 of its levels.

You collected 151 gold pieces.


   Skills:
 - Level 1.5 Fighting
 + Level 8.3 Ranged Weapons
 - Level 2.4 Dodging
 - Level 1.2 Stealth


You had 3 spell levels left.
You didn't know any spells.
Your spell library was empty.

Inventory:

Hand Weapons
 Y - a +1 shortbow (weapon)
Armour
 b - a +0 helmet (worn)
 j - a +0 ring mail (worn)
Jewellery
 c - a ring of see invisible (left hand)
Scrolls
 a - a scroll of identify
 f - 3 scrolls of teleportation
Potions
 d - a potion of enlightenment
 h - a potion of ambrosia {unknown}
 k - a potion of haste {unknown}

Dungeon Overview and Level Annotations

Branches:
Dungeon (4/15)
 Temple: D:4-7

Altars:
Hepliaklqana


Message History

Enter note:
Enter note:
Enter note:
Enter note:
Enter note:
Enter note:
Enter note:
Enter note:
(D) Dungeon
Where to? (* - list waypoints, Enter - D:4, ? - help)
What level of the Dungeon? (default 1, ? - help)
You climb downwards.
There is a stone staircase leading up here.
A jelly is nearby!
2135 ||| STAIRDANCE The jelly quivers.
You climb upwards.
There is a stone staircase leading down here.
(D) Dungeon
Where to? (* - list waypoints, Enter - D:4, ? - help)
What level of the Dungeon? (default 1, ? - help)
You climb downwards.
The jelly closely misses you. The jelly hits you. The acid corrodes you!
You are splashed with acid!
There is a stone staircase leading up here.
2139 ||| STAIRDANCE The jelly hits you but does no damage.
You climb upwards.
There is a stone staircase leading down here.
You shoot an arrow. The arrow barely misses the jelly.
The jelly closely misses you.
You shoot an arrow. The arrow hits the jelly.
The jelly is lightly wounded.
The jelly closely misses you.
You shoot an arrow. The arrow hits the jelly.
The jelly is lightly wounded.
The jelly hits you. The acid corrodes you!
You are splashed with acid!
You shoot an arrow. The arrow hits the jelly.
The jelly is moderately wounded.
The jelly hits you.
You are splashed with acid.
You die...

P.....#....##.........# #^..
##''###....##.........# ##...
...........##.........# #..##
.....<..#####.........#######.###
...#....### #.........##.........
.>%..##...# ######.#..#..###.....
...####...####..........## #.....
#### #........J........####.....
## #.##......@.......##....... .8
#.....#####%.####.......... ..
#...#.###....# ##....)..... .
#####....#...##.###.<...###..#
#..#....)........#..........##
#.....##.#####..........##### .
#.......................######
..8#.......).......<.............
..##......................#######


You could see a jelly.

Vanquished Creatures
  A gnoll (D:1)
  6 adders
  A white imp (D:3)
  A worm (D:2)
  2 dart slugs
  An orc (D:2)
  3 bats
  6 endoplasms
  A giant cockroach (D:2)
  5 goblins
  7 hobgoblins
  3 jackals
  6 kobolds
  5 ball pythons
  4 frilled lizards
  5 rats
57 creatures vanquished.

Notes
Turn   | Place    | Note
-------+----------+-------------------------------------------
     0 | D:1      | qw the Deep Elf Hunter began the quest for the Orb.
     0 | D:1      | Reached XP level 1. HP: 12/12 MP: 3/3
     0 | D:1      | 0 ||| qw: Version: 0.3-a-9-g12657ce
     0 | D:1      | 0 ||| qw: Game counter: 2518
     0 | D:1      | 0 ||| qw: Always use a shield: true
     0 | D:1      | 0 ||| qw: God list: Okawaru
     0 | D:1      | 0 ||| qw: Allow faded altars: false
     0 | D:1      | 0 ||| qw: Do Orc after D:15 true
     0 | D:1      | 0 ||| qw: Do second Lair branch before Depths: true
     0 | D:1      | 0 ||| qw: Lair rune preference: random
     0 | D:1      | 0 ||| qw: Plans: Normal
     0 | D:1      | 0 ||| PLANNING D:1-11
    19 | D:1      | Reached skill level 6 in Ranged Weapons
    19 | D:1      | Reached XP level 2. HP: 16/16 MP: 4/4
   410 | D:1      | 410 ||| UPGRADING to +0 ring mail.
   420 | D:1      | 420 ||| DROPPING +0 leather armour.
   421 | D:1      | 421 ||| READING 2 scrolls labelled YDOB HOTUCAE.
   422 | D:1      | 422 ||| READING scroll labelled SYMADD ADWY.
   423 | D:1      | 423 ||| READING scroll labelled ADWAKI OCEASU.
   427 | D:1      | 427 ||| DRINKING 2 yellow potions.
   428 | D:1      | 428 ||| DROPPING scroll of butterflies.
   429 | D:1      | 429 ||| DROPPING potion of degeneration.
   549 | D:2      | Reached XP level 3. HP: 20/20 MP: 5/5
   850 | D:2      | Reached skill level 7 in Ranged Weapons
  1386 | D:2      | 1386 ||| DROPPING +6 ring of intelligence.
  1387 | D:2      | 1387 ||| UPGRADING to ring of see invisible.
  1388 | D:2      | 1388 ||| READING 2 scrolls of identify.
  1388 | D:2      | 1388 ||| IDENTIFYING clear potion
  1415 | D:3      | 1415 ||| STAIRDANCE
  1431 | D:3      | 1431 ||| STAIRDANCE
  1526 | D:3      | Found a hazy altar of Hepliaklqana.
  1537 | D:3      | Reached XP level 4. HP: 24/25 MP: 6/6
  1629 | D:3      | Reached skill level 8 in Ranged Weapons
  2092 | D:3      | 2092 ||| UPGRADING to +0 helmet.
  2097 | D:3      | 2097 ||| READING scroll labelled JIWKOM YMYMNY.
  2098 | D:3      | 2098 ||| READING scroll labelled ZUODYWAISM.
  2099 | D:3      | 2099 ||| READING 2 scrolls of identify.
  2099 | D:3      | 2099 ||| IDENTIFYING grey potion
  2100 | D:3      | 2100 ||| DROPPING potion of brilliance.
  2131 | D:4      | 2131 ||| STAIRDANCE
  2135 | D:4      | 2135 ||| STAIRDANCE
  2139 | D:4      | 2139 ||| STAIRDANCE
  2144 | D:3      | HP: 5/25 [jelly (3)]
  2144 | D:3      | Splashed by a jelly's acid

Levels and vault maps discovered:
D:1:      dpeg_arrival_lava_temple_mockup, layout_rooms,
          minmay_large_rounded_square
D:2:      layout_loops_corners, serial_forest, infiniplex_forest_fountain,
          infiniplex_forest_straight_5, infiniplex_forest_lined_3,
          infiniplex_forest_clump_diagonal
D:3:      cheibrodos_old_hovel, layout_rooms, nicolae_overflow_hidden_temple
D:4:      layout_loops_corners

Skill      XL: |  1  2  3  4 |
---------------+-------------+-----
Ranged Weapons | 6 7 8 |  8.3
Fighting       | |  1.5
Dodging        | |  2.4
Stealth        | |  1.2

Action                     |  1- 3 |  4- 6 || total
---------------------------+-------+-------++-------
   Fire: Shortbow          |   104 |    79 ||   183
    Use: Scroll            |     4 |     3 ||     7
         Potion            |     1 |       ||     1
 Armour: Ring mail         |    22 |    27 ||    49
  Dodge: Dodged            |    37 |    30 ||    67

Table legend:
 A = Non-vault XP
 B = Vault XP
 C = Vault XP percentage of total XP
 D = Non-vault monster count
 E = Vault monster count
 F = Vault count percentage of total count
                 A         B        C        D         E       F
            +---------+---------+-------+---------+---------+-------
      Total |     191 |       2 |   1.0 |      56 |       1 |   1.8
            +---------+---------+-------+---------+---------+-------
        D:1 |      29 |       0 |   0.0 |      10 |       0 |   0.0
        D:2 |      60 |       0 |   0.0 |      25 |       0 |   0.0
        D:3 |     102 |       2 |   1.9 |      21 |       1 |   4.5
            +---------+---------+-------+---------+---------+-------
